Icehogs vs Admirals
(R1)
Created - December 19, 2023 at 20:04
Goals
|
Icehogs |
1 |
1 |
0 |
2 |
Admirals |
3 |
1 |
0 |
4 |
|
Shots
|
Icehogs |
9 |
10 |
11 |
30 |
Admirals |
13 |
11 |
8 |
32 |
|
1st period
1. Admirals , Gerald Mayhew 18 (Anton Gustafsson 12) at 7:01
2. Admirals , Mark McNeill 9 (Christian Djoos 6) at 7:32
3. Icehogs , Michael Rasmussen 7 (Myles Bell 7, Kurtis Gabriel 6) at 13:08
4. Admirals , Josh Norris 8 (Mark McNeill 11, Hunter Shinkaruk 12) at 16:40
Penalties :
Anton Gustafsson (Mil) for Elbowing (Minor) at 3:14, J.T. Brown (Roc) for Hooking (Minor) at 13:31, Calle Andersson (Roc) for Hooking (Minor) at 17:02
2nd period
5. Icehogs , Hudson Fasching 28 (Dillon Dube 4) at 0:24 (PP)
6. Admirals , Riley Barber 10 (Reilly Walsh 11) at 9:31 (PP)
Penalties :
Hunter Shinkaruk (Mil) for Roughing (Minor) at 0:22, Duncan Siemens (Roc) for Hooking (Minor) at 8:29, Mikhail Grigorenko (Roc) for Tripping (Minor) at 9:58
3rd period
No Goal
Penalties :
Mike Reilly (Roc) for Hooking (Minor) at 4:14, Grant Hutton (Mil) for Holding (Minor) at 8:13, Josh Norris (Mil) for Interference (Minor) at 13:09, Anton Gustafsson (Mil) for Hooking (Minor) at 13:29, Michael Rasmussen (Roc) for Interference (Minor) at 17:36
Goalie Stats
Mackenzie Blackwood (Roc), 28 saves from 32 shots - (0.875), L, 12-13-1, 60:00 minutes
Felix Sanstrom (Mil), 28 saves from 30 shots - (0.933), W, 8-4-4, 60:00 minutes
Players Stats for Icehogs
Player Name G A P +/- PIM S H SB GA TA FO MP PP MP PK MP
------------------------------------------------------------------------------------
Adam Boqvist 0 0 0 0 0 2 0 0 0 1 0/0 12:13 0:00 2:11
Andrew Poturalski 0 0 0 -1 0 1 1 0 0 0 6/8 12:57 2:44 0:00
Calle Andersson 0 0 0 -3 2 2 1 2 0 0 0/0 20:22 2:38 3:33
Clark Bishop 0 0 0 0 0 0 0 0 0 0 1/2 3:07 0:00 3:07
Dillon Dube 0 1 1 -1 0 0 0 1 0 0 18/30 17:31 3:29 0:00
Duncan Siemens 0 0 0 -3 2 1 4 1 0 2 0/0 20:42 2:38 4:14
Hudson Fasching 1 0 1 -1 0 2 2 0 1 0 0/1 22:44 3:29 5:16
J.T. Brown 0 0 0 -1 2 4 0 0 0 0 1/1 15:33 2:44 2:17
Jackson Cates 0 0 0 0 0 0 0 0 0 0 0/0 0:00 0:00 0:00
Jeremy Davies 0 0 0 0 0 2 0 0 1 0 0/0 9:44 0:00 0:00
JJ. Piccinich 0 0 0 0 0 0 0 0 0 0 0/0 0:20 0:06 0:00
Julius Honka 0 0 0 0 0 1 0 1 1 0 0/0 24:55 3:41 6:19
Kristian Reichel 0 0 0 0 0 0 1 0 0 0 0/0 0:11 0:00 0:11
Kurtis Gabriel 0 1 1 0 0 1 1 2 2 0 0/0 14:36 0:00 3:00
Maxim Letunov 0 0 0 0 0 2 0 0 0 0 1/2 6:22 0:00 0:00
Michael Rasmussen 1 0 1 0 2 1 0 0 0 0 4/5 12:52 0:00 1:20
Mike Reilly 0 0 0 1 2 1 4 1 1 0 0/0 27:23 3:41 5:09
Mikhail Grigorenko 0 0 0 -1 2 5 1 2 1 0 6/7 21:48 3:29 4:14
Myles Bell 0 1 1 0 0 0 3 0 1 0 0/0 13:51 0:00 2:18
Nick Paul 0 0 0 -1 0 3 0 0 2 0 0/0 13:08 2:44 0:11
Nikita Scherbak 0 0 0 0 0 1 1 0 0 0 1/1 6:22 0:00 0:00
Patrick Russell 0 0 0 0 0 0 0 0 0 0 0/0 0:36 0:06 0:00
Ross Johnston 0 0 0 0 0 0 1 0 0 0 0/0 6:22 0:00 0:00
Thomas DiPauli 0 0 0 0 0 0 0 0 0 0 0/0 0:36 0:06 0:00
Zach Whitecloud 0 0 0 1 0 1 0 1 0 0 0/0 4:42 0:00 0:28
Players Stats for Admirals
Player Name G A P +/- PIM S H SB GA TA FO MP PP MP PK MP
------------------------------------------------------------------------------------
Anton Gustafsson 0 1 1 1 4 2 2 1 0 0 4/17 17:33 5:07 1:20
Barrett Hayton 0 0 0 0 0 1 3 0 0 0 2/7 9:45 0:09 1:25
Christian Djoos 0 1 1 1 0 0 0 0 0 0 0/0 14:28 6:19 0:00
Drew O'Connor 0 0 0 0 0 2 1 0 0 0 0/0 13:17 5:07 0:00
Gerald Mayhew 1 0 1 1 0 4 2 0 1 2 0/1 11:46 0:17 0:00
Grant Hutton 0 0 0 1 2 0 0 0 0 0 0/0 5:26 0:00 0:00
Hunter Shinkaruk 0 1 1 2 2 1 1 0 0 1 0/1 20:53 5:35 0:51
Ian Mitchell 0 0 0 0 0 0 1 1 0 1 0/0 18:22 0:00 3:45
Josh Norris 1 0 1 2 2 2 2 3 0 0 10/24 21:59 5:33 1:46
Josh Wesley 0 0 0 1 0 0 0 0 0 0 0/0 4:41 0:04 0:00
Kasper Bjorkqvist 0 0 0 0 0 2 2 0 0 0 0/0 13:27 5:07 0:00
Lucas Wallmark 0 0 0 -1 0 2 0 0 1 1 1/3 10:28 0:00 1:49
Mark McNeill 1 1 2 2 0 7 2 2 1 1 2/4 22:55 5:41 2:39
Milos Kelemen 0 0 0 -1 0 1 1 0 0 1 0/0 7:32 0:00 0:00
Olli Juolevi 0 0 0 0 0 1 3 1 0 1 0/0 20:57 4:38 2:18
Pavol Regenda 0 0 0 1 0 1 1 0 0 0 0/0 10:59 0:00 0:00
Reilly Walsh 0 1 1 0 0 3 1 1 0 1 0/0 25:32 4:38 3:15
Riley Barber 1 0 1 -1 0 2 1 0 0 1 0/0 10:34 0:15 1:08
Sean Durzi 0 0 0 1 0 1 0 1 0 0 0/0 9:59 0:00 0:38
T.J Brodie 0 0 0 0 0 0 1 0 0 0 0/0 21:24 6:15 2:42
3 Stars
1 - Mark McNeill (Mil)
2 - Josh Norris (Mil)
3 - Gerald Mayhew (Mil)
Power Play
Icehogs - 1 on 5 Attempt(s) - 20.00%
Admirals - 1 on 6 Attempt(s) - 16.67%
Penalty Kill
Icehogs - 5 on 6 Attempt(s) - 83.33%
- Score 0 goal in Penalty Kill
Admirals - 4 on 5 Attempt(s) - 80.00%
- Score 0 goal in Penalty Kill
Team Stat
Icehogs - Hits : 20 - Faceoff Wins : 38 - Blocked Shots : 11 - Penalty Minutes : 12
Admirals - Hits : 24 - Faceoff Wins : 19 - Blocked Shots : 10 - Penalty Minutes : 10
Official
Referees : Francois St. Laurent and Chris Rooney
Linesman : Jonny Murray and Derek Nansen
Game Notes
No Game Note
Finance
Level 1 -- Attendance: 1708 (85.40%) -- Ticket Income $119,560
Level 2 -- Attendance: 1000 (100.00%) -- Ticket Income $40,000
Total Attendance: 2708 (90.27%)
Total Ticket Income: $159,560
Other Income: $7,978
Total Income: $167,538
Icehogs
5 vs 5 Forward
Center Left Wing Right Wing Time % Phy DF OF
1 Dillon Dube Mikhail Grigorenko Hudson Fasching 40 1 2 2
2 Andrew Poturalski Nick Paul J.T. Brown 30 1 2 2
3 Michael Rasmussen Myles Bell Kurtis Gabriel 20 1 2 2
4 Maxim Letunov Ross Johnston Nikita Scherbak 10 1 2 2
5 vs 5 Defense
Defense Defense Time % Phy DF OF
1 Mike Reilly Julius Honka 40 1 2 2
2 Duncan Siemens Calle Andersson 30 1 2 2
3 Jeremy Davies Adam Boqvist 20 1 2 2
4 Zach Whitecloud Mike Reilly 10 1 2 2
PowerPlay Forward
Center Left Wing Right Wing Time % Phy DF OF
1 Dillon Dube Mikhail Grigorenko Hudson Fasching 60 1 2 2
2 Andrew Poturalski Nick Paul J.T. Brown 40 1 2 2
PowerPlay Defense
Defense Defense Time % Phy DF OF
1 Mike Reilly Julius Honka 60 1 2 2
2 Duncan Siemens Calle Andersson 40 1 2 2
Penalty Kill 4 Players Forward
Center Wing Time % Phy DF OF
1 Mikhail Grigorenko Hudson Fasching 60 1 2 2
2 J.T. Brown Kurtis Gabriel 40 1 2 2
Penalty Kill 4 Players Defense
Defense Defense Time % Phy DF OF
1 Mike Reilly Julius Honka 60 1 2 2
2 Duncan Siemens Calle Andersson 40 1 2 2
Penalty Kill - 3 Players Forward
Forward Time % Phy DF OF
1 Mikhail Grigorenko 60 1 2 2
2 Hudson Fasching 40 1 2 2
Penalty Kill - 3 Players Defense
Defense Defense Time % Phy DF OF
1 Mike Reilly Julius Honka 60 1 2 2
2 Duncan Siemens Calle Andersson 40 1 2 2
4 vs 4 Forward
Center Wing Time % Phy DF OF
1 Mikhail Grigorenko Hudson Fasching 60 1 2 2
2 J.T. Brown Kurtis Gabriel 40 1 2 2
4 vs 4 Defense
Defense Defense Time % Phy DF OF
1 Mike Reilly Julius Honka 60 1 2 2
2 Duncan Siemens Calle Andersson 40 1 2 2
Last Minutes Offensive
Center Left Wing Right Wing Defense Defense
Dillon Dube Mikhail Grigorenko Hudson Fasching Mike Reilly Julius Honka
Last Minutes Defensive
Center Left Wing Right Wing Defense Defense
Dillon Dube Mikhail Grigorenko Hudson Fasching Mike Reilly Julius Honka
Goaltenders
Starting : Mackenzie Blackwood
Backup : Oscar Dansk
Extra Forwards
Normal : Patrick Russell, Thomas DiPauli, Clark Bishop - PP : Patrick Russell, Thomas DiPauli - PK : Clark Bishop
Extra Defensemen
Normal : Jeremy Davies, Adam Boqvist, Zach Whitecloud - PP : Jeremy Davies - PK : Adam Boqvist, Zach Whitecloud
Penalty Shots
Mikhail Grigorenko, Hudson Fasching, J.T. Brown, Kurtis Gabriel, Nick Paul
Custom OT Lines Forwards
Mikhail Grigorenko, Hudson Fasching, J.T. Brown, Kurtis Gabriel, Nick Paul, Myles Bell, Dillon Dube, Andrew Poturalski, Nikita Scherbak, Michael Rasmussen
Custom OT Lines Defensemen
Mike Reilly, Julius Honka, Duncan Siemens, Calle Andersson, Jeremy Davies
Scratches
Patrick Sieloff (Facial Surgery Injury), Declan Chisholm (Healthy), Mitchell Chaffee (Healthy), Gabriel Fortier (Healthy), Petr Kvaca (Healthy)
Admirals
5 vs 5 Forward
Center Left Wing Right Wing Time % Phy DF OF
1 Josh Norris Hunter Shinkaruk Mark McNeill 40 1 2 2
2 Anton Gustafsson Pavol Regenda Gerald Mayhew 30 1 2 2
3 Barrett Hayton Drew O'Connor Kasper Bjorkqvist 20 1 2 2
4 Lucas Wallmark Milos Kelemen Riley Barber 10 1 2 2
5 vs 5 Defense
Defense Defense Time % Phy DF OF
1 Reilly Walsh Ian Mitchell 40 1 2 2
2 T.J Brodie Olli Juolevi 30 1 2 2
3 Christian Djoos Sean Durzi 20 1 2 2
4 Grant Hutton Josh Wesley 10 1 2 2
PowerPlay Forward
Center Left Wing Right Wing Time % Phy DF OF
1 Josh Norris Hunter Shinkaruk Mark McNeill 60 1 2 2
2 Anton Gustafsson Drew O'Connor Kasper Bjorkqvist 40 1 2 2
PowerPlay Defense
Defense Defense Time % Phy DF OF
1 T.J Brodie Christian Djoos 60 1 2 2
2 Olli Juolevi Reilly Walsh 40 1 2 2
Penalty Kill 4 Players Forward
Center Wing Time % Phy DF OF
1 Anton Gustafsson Mark McNeill 60 1 2 2
2 Lucas Wallmark Riley Barber 40 1 2 2
Penalty Kill 4 Players Defense
Defense Defense Time % Phy DF OF
1 Reilly Walsh Ian Mitchell 60 1 2 2
2 T.J Brodie Olli Juolevi 40 1 2 2
Penalty Kill - 3 Players Forward
Forward Time % Phy DF OF
1 Anton Gustafsson 60 1 2 2
2 Mark McNeill 40 1 2 2
Penalty Kill - 3 Players Defense
Defense Defense Time % Phy DF OF
1 T.J Brodie Ian Mitchell 60 1 2 2
2 Olli Juolevi Reilly Walsh 40 1 2 2
4 vs 4 Forward
Center Wing Time % Phy DF OF
1 Anton Gustafsson Mark McNeill 60 1 2 2
2 Lucas Wallmark Hunter Shinkaruk 40 1 2 2
4 vs 4 Defense
Defense Defense Time % Phy DF OF
1 T.J Brodie Christian Djoos 60 1 2 2
2 Olli Juolevi Reilly Walsh 40 1 2 2
Last Minutes Offensive
Center Left Wing Right Wing Defense Defense
Anton Gustafsson Hunter Shinkaruk Mark McNeill T.J Brodie Christian Djoos
Last Minutes Defensive
Center Left Wing Right Wing Defense Defense
Anton Gustafsson Hunter Shinkaruk Mark McNeill T.J Brodie Christian Djoos
Goaltenders
Starting : Felix Sanstrom
Backup : Tristan Jarry
Extra Forwards
Normal : Gerald Mayhew, Riley Barber, Josh Norris - PP : Gerald Mayhew, Riley Barber - PK : Josh Norris
Extra Defensemen
Normal : Josh Wesley, Sean Durzi, Ian Mitchell - PP : Josh Wesley - PK : Sean Durzi, Ian Mitchell
Penalty Shots
Anton Gustafsson, Mark McNeill, Lucas Wallmark, Hunter Shinkaruk, Kasper Bjorkqvist
Custom OT Lines Forwards
Anton Gustafsson, Mark McNeill, Lucas Wallmark, Hunter Shinkaruk, Kasper Bjorkqvist, Gerald Mayhew, Riley Barber, Josh Norris, Barrett Hayton, Pavol Regenda
Custom OT Lines Defensemen
T.J Brodie, Christian Djoos, Olli Juolevi, Reilly Walsh, Josh Wesley
Scratches
Bokondji Imama (Healthy), Carl Dahlstrom (Healthy), Joni Ikonen (Healthy), Ruslan Iskhakov (Healthy), Filip Chlapik (Healthy)
Mattias Backman (Strained Right Knee Injury), Nolan Vesey (Healthy), Kristian Vesalainen (Healthy), Ryan Olsen (Healthy), Sergei Zborovskiy (Healthy)
Troy Bourke (Healthy), Carsen Twarynski (Healthy), Libor Hajek (Healthy), Linus Ullmark (Healthy)
% Time on Ice - Icehogs
Lines # - Real PCT - Wanted PCT - Time Play
Normal Forward
1 - 34% - 40% - 14:33
2 - 24% - 30% - 10:20
3 - 27% - 20% - 11:29
4 - 15% - 10% - 6:22
Normal Defense
1 - 35% - 40% - 14:55
2 - 32% - 30% - 13:51
3 - 23% - 20% - 9:44
4 - 10% - 10% - 4:14
PP Forward
1 - 57% - 60% - 3:35
2 - 43% - 40% - 2:44
PP Defense
1 - 58% - 60% - 3:41
2 - 42% - 40% - 2:38
PK Forward
1 - 73% - 60% - 7:57
2 - 27% - 40% - 3:00
PK Defense
1 - 58% - 60% - 6:19
2 - 42% - 40% - 4:38
PK3 Forward
1 - 0% - 60%
2 - 0% - 40%
PK3 Defense
1 - 0% - 60%
2 - 0% - 40%
44 Forward
1 - 0% - 60%
2 - 0% - 40%
44 Defense
1 - 0% - 60%
2 - 0% - 40%
Last Minute Offensive - 0:00
Last Minute Defensive - 0:00
Total
Forward - 60:00
Defense - 60:00
|
% Time on Ice - Admirals
Lines # - Real PCT - Wanted PCT - Time Play
Normal Forward
1 - 35% - 40% - 14:56
2 - 29% - 30% - 12:16
3 - 19% - 20% - 8:00
4 - 18% - 10% - 7:32
Normal Defense
1 - 38% - 40% - 16:05
2 - 33% - 30% - 14:01
3 - 19% - 20% - 8:01
4 - 11% - 10% - 4:37
PP Forward
1 - 53% - 60% - 5:50
2 - 47% - 40% - 5:07
PP Defense
1 - 58% - 60% - 6:19
2 - 42% - 40% - 4:38
PK Forward
1 - 76% - 60% - 3:32
2 - 24% - 40% - 1:08
PK Defense
1 - 65% - 60% - 3:02
2 - 35% - 40% - 1:38
PK3 Forward
1 - 100% - 60% - 1:39
2 - 0% - 40% - 0:00
PK3 Defense
1 - 60% - 60% - 0:59
2 - 40% - 40% - 0:40
44 Forward
1 - 0% - 60%
2 - 0% - 40%
44 Defense
1 - 0% - 60%
2 - 0% - 40%
Last Minute Offensive - 0:00
Last Minute Defensive - 0:00
Total
Forward - 60:00
Defense - 60:00
|
Play-by-Play
1st period
0:01 of 1st period - Dillon Dube wins face-off versus Josh Norris in neutral zone.
0:06 of 1st period - Snap shot by Mike Reilly.
0:06 of 1st period - Shot Blocked by Reilly Walsh.
0:08 of 1st period - Slapshot by Julius Honka.
0:08 of 1st period - Shot Hit the Post.
0:26 of 1st period - Reilly Walsh is hit by Kurtis Gabriel and loses puck.
0:41 of 1st period - Snap shot by Hunter Shinkaruk.
0:41 of 1st period - Shot Misses the Net.
0:43 of 1st period - Slapshot by Reilly Walsh.
0:43 of 1st period - Stopped by Mackenzie Blackwood with a rebound.
0:47 of 1st period - Snap shot by Mark McNeill.
0:47 of 1st period - Stopped by Mackenzie Blackwood with a rebound.
1:27 of 1st period - Slapshot by Hunter Shinkaruk.
1:27 of 1st period - Shot Misses the Net.
1:37 of 1st period - Backhand shot by Hunter Shinkaruk.
1:37 of 1st period - Stopped by Mackenzie Blackwood with a rebound.
1:41 of 1st period - Slapshot by Mark McNeill.
1:41 of 1st period - Shot Blocked by Calle Andersson.
1:43 of 1st period - Slapshot by Reilly Walsh.
1:43 of 1st period - Stopped by Mackenzie Blackwood with a rebound.
1:45 of 1st period - Slapshot by Ian Mitchell.
1:45 of 1st period - Deflect By Hunter Shinkaruk.
1:45 of 1st period - Shot Blocked by Kurtis Gabriel.
1:45 of 1st period - Puck is out of play.
1:46 of 1st period - Andrew Poturalski wins face-off versus Anton Gustafsson in Icehogs zone.
1:46 of 1st period - Andrew Poturalski is hit by Gerald Mayhew.
2:12 of 1st period - Kasper Bjorkqvist is hit by Hudson Fasching and loses puck.
2:41 of 1st period - Snap shot by Riley Barber.
2:41 of 1st period - Stopped by Mackenzie Blackwood with a rebound.
2:48 of 1st period - Off-side.
2:49 of 1st period - Andrew Poturalski wins face-off versus Anton Gustafsson in neutral zone.
2:52 of 1st period - Snap shot by J.T. Brown.
2:52 of 1st period - Stopped by Felix Sanstrom without a rebound.
2:53 of 1st period - Andrew Poturalski wins face-off versus Anton Gustafsson in Admirals zone.
3:14 of 1st period - Minor Penalty to Anton Gustafsson for Elbowing.
3:15 of 1st period - Josh Norris wins face-off versus Dillon Dube in Admirals zone.
5:11 of 1st period - T.J Brodie is hit by Calle Andersson and loses puck.
5:14 of 1st period - Penalty to Anton Gustafsson is over, Anton Gustafsson is back on ice.
5:34 of 1st period - Adam Boqvist is hit by Barrett Hayton and loses puck.
6:15 of 1st period - Wrist shot by Mark McNeill.
6:15 of 1st period - Shot Blocked by Julius Honka.
6:17 of 1st period - Wrist shot by Josh Norris.
6:17 of 1st period - Stopped by Mackenzie Blackwood without a rebound.
6:18 of 1st period - Maxim Letunov wins face-off versus Josh Norris in Icehogs zone.
6:23 of 1st period - Slapshot by Mike Reilly.
6:23 of 1st period - Deflect By Nikita Scherbak.
6:23 of 1st period - Shot Misses the Net.
6:23 of 1st period - Puck is out of play.
6:24 of 1st period - Dillon Dube wins face-off versus Barrett Hayton in Admirals zone.
6:55 of 1st period - Snap shot by Josh Norris.
6:55 of 1st period - Shot Misses the Net.
6:57 of 1st period - Slapshot by T.J Brodie.
6:57 of 1st period - Shot Misses the Net.
6:59 of 1st period - Snap shot by Mark McNeill.
6:59 of 1st period - Stopped by Mackenzie Blackwood without a rebound.
7:00 of 1st period - Anton Gustafsson wins face-off versus Dillon Dube in Icehogs zone.
7:01 of 1st period - Snap shot by Gerald Mayhew.
7:01 of 1st period - Goal by Gerald Mayhew - Icehogs : 0 - Admirals : 1.
7:02 of 1st period - Anton Gustafsson wins face-off versus Dillon Dube in neutral zone.
7:32 of 1st period - Wrist shot by Mark McNeill.
7:32 of 1st period - Goal by Mark McNeill - Icehogs : 0 - Admirals : 2.
7:33 of 1st period - Dillon Dube wins face-off versus Josh Norris in neutral zone.
7:42 of 1st period - Wrist shot by Mikhail Grigorenko.
7:42 of 1st period - Shot Misses the Net.
8:02 of 1st period - Wrist shot by J.T. Brown.
8:02 of 1st period - Stopped by Felix Sanstrom with a rebound.
8:22 of 1st period - Snap shot by Riley Barber.
8:22 of 1st period - Shot Misses the Net.
8:28 of 1st period - Slapshot by Nick Paul.
8:28 of 1st period - Stopped by Felix Sanstrom with a rebound.
8:30 of 1st period - Slapshot by Mike Reilly.
8:30 of 1st period - Shot Misses the Net.
8:32 of 1st period - Wrist shot by Mike Reilly.
8:32 of 1st period - Stopped by Felix Sanstrom without a rebound.
8:33 of 1st period - Josh Norris wins face-off versus Dillon Dube in Admirals zone.
8:42 of 1st period - Snap shot by Mikhail Grigorenko.
8:42 of 1st period - Shot Blocked by Josh Norris.
9:09 of 1st period - Slapshot by Maxim Letunov.
9:09 of 1st period - Stopped by Felix Sanstrom with a rebound.
9:32 of 1st period - Snap shot by Gerald Mayhew.
9:32 of 1st period - Stopped by Mackenzie Blackwood with a rebound.
9:42 of 1st period - Snap shot by Gerald Mayhew.
9:42 of 1st period - Shot Misses the Net.
9:44 of 1st period - Snap shot by Gerald Mayhew.
9:44 of 1st period - Shot Blocked by Zach Whitecloud.
9:46 of 1st period - Slapshot by Anton Gustafsson.
9:46 of 1st period - Shot Blocked by Kurtis Gabriel.
9:48 of 1st period - Slapshot by Reilly Walsh.
9:48 of 1st period - Stopped by Mackenzie Blackwood without a rebound.
9:49 of 1st period - Josh Norris wins face-off versus Dillon Dube in Icehogs zone.
10:21 of 1st period - Snap shot by Nick Paul.
10:21 of 1st period - Stopped by Felix Sanstrom with a rebound.
10:23 of 1st period - Wrist shot by Andrew Poturalski.
10:23 of 1st period - Stopped by Felix Sanstrom with a rebound.
10:25 of 1st period - Slapshot by Jeremy Davies.
10:25 of 1st period - Deflect By T.J Brodie.
10:25 of 1st period - Stopped by Felix Sanstrom with a rebound.
11:22 of 1st period - Snap shot by Mikhail Grigorenko.
11:22 of 1st period - Shot Hit the Post.
11:24 of 1st period - Snap shot by Dillon Dube.
11:24 of 1st period - Shot Misses the Net.
12:20 of 1st period - Slapshot by Dillon Dube.
12:20 of 1st period - Shot Blocked by Josh Norris.
12:38 of 1st period - Icing by Mike Reilly.
12:39 of 1st period - Michael Rasmussen wins face-off versus Lucas Wallmark in Icehogs zone.
13:06 of 1st period - Snap shot by Myles Bell.
13:06 of 1st period - Shot Blocked by Sean Durzi.
13:08 of 1st period - Slapshot by Michael Rasmussen.
13:08 of 1st period - Goal by Michael Rasmussen - Icehogs : 1 - Admirals : 2.
13:09 of 1st period - Dillon Dube wins face-off versus Josh Norris in neutral zone.
13:31 of 1st period - Minor Penalty to J.T. Brown for Hooking.
13:32 of 1st period - Mikhail Grigorenko wins face-off versus Josh Norris in Icehogs zone.
13:32 of 1st period - Mikhail Grigorenko is hit by Mark McNeill.
14:08 of 1st period - Snap shot by Anton Gustafsson.
14:08 of 1st period - Deflect By Drew O'Connor.
14:08 of 1st period - Shot Blocked by Mikhail Grigorenko.
14:08 of 1st period - Puck is out of play.
14:09 of 1st period - Mikhail Grigorenko wins face-off versus Anton Gustafsson in Icehogs zone.
14:34 of 1st period - Reilly Walsh is hit by Duncan Siemens and loses puck.
15:16 of 1st period - Icing by Mark McNeill.
15:17 of 1st period - Josh Norris wins face-off versus Clark Bishop in Admirals zone.
15:31 of 1st period - Penalty to J.T. Brown is over, J.T. Brown is back on ice.
15:34 of 1st period - Mikhail Grigorenko is hit by Olli Juolevi and loses puck.
15:59 of 1st period - Julius Honka is hit by Milos Kelemen and loses puck.
16:32 of 1st period - Wrist shot by Anton Gustafsson.
16:32 of 1st period - Shot Misses the Net.
16:34 of 1st period - Snap shot by Hunter Shinkaruk.
16:34 of 1st period - Shot Misses the Net.
16:36 of 1st period - Snap shot by Mark McNeill.
16:36 of 1st period - Shot Misses the Net.
16:38 of 1st period - Snap shot by Mark McNeill.
16:38 of 1st period - Stopped by Mackenzie Blackwood with a rebound.
16:40 of 1st period - Snap shot by Josh Norris.
16:40 of 1st period - Goal by Josh Norris - Icehogs : 1 - Admirals : 3.
16:41 of 1st period - Josh Norris wins face-off versus Dillon Dube in neutral zone.
17:02 of 1st period - Minor Penalty to Calle Andersson for Hooking.
17:03 of 1st period - Mikhail Grigorenko wins face-off versus Hunter Shinkaruk in Icehogs zone.
18:22 of 1st period - Christian Djoos is hit by Mike Reilly and loses puck.
19:02 of 1st period - Penalty to Calle Andersson is over, Calle Andersson is back on ice.
19:19 of 1st period - Wrist shot by Nikita Scherbak.
19:19 of 1st period - Deflect By Ross Johnston.
19:19 of 1st period - Shot Misses the Net.
19:19 of 1st period - Puck is out of play.
19:20 of 1st period - Andrew Poturalski wins face-off versus Gerald Mayhew in Admirals zone.
19:53 of 1st period - Slapshot by Mike Reilly.
19:53 of 1st period - Deflect By Kurtis Gabriel.
19:53 of 1st period - Shot Misses the Net.
19:53 of 1st period - Puck is out of play.
19:54 of 1st period - Dillon Dube wins face-off versus Barrett Hayton in Admirals zone.
Goals for this period are 1 for Icehogs vs 3 for Admirals.
Shots for this period are 9 for Icehogs vs 13 for Admirals.
2nd period
0:01 of 2nd period - Dillon Dube wins face-off versus Josh Norris in neutral zone.
0:03 of 2nd period - Mike Reilly is hit by Reilly Walsh and loses puck.
0:22 of 2nd period - Minor Penalty to Hunter Shinkaruk for Roughing.
0:23 of 2nd period - Dillon Dube wins face-off versus Anton Gustafsson in Admirals zone.
0:24 of 2nd period - Wrist shot by Hudson Fasching.
0:24 of 2nd period - Goal by Hudson Fasching - Icehogs : 2 - Admirals : 3.
0:25 of 2nd period - Dillon Dube wins face-off versus Mark McNeill in neutral zone.
0:36 of 2nd period - Snap shot by Mikhail Grigorenko.
0:36 of 2nd period - Stopped by Felix Sanstrom with a rebound.
0:52 of 2nd period - J.T. Brown is hit by Ian Mitchell and loses puck.
0:59 of 2nd period - Slapshot by Anton Gustafsson.
0:59 of 2nd period - Stopped by Mackenzie Blackwood with a rebound.
1:11 of 2nd period - Snap shot by Riley Barber.
1:11 of 2nd period - Shot Misses the Net.
1:13 of 2nd period - Wrist shot by Christian Djoos.
1:13 of 2nd period - Deflect By Milos Kelemen.
1:13 of 2nd period - Stopped by Mackenzie Blackwood without a rebound.
1:14 of 2nd period - Dillon Dube wins face-off versus Lucas Wallmark in Icehogs zone.
1:31 of 2nd period - Lucas Wallmark is hit by Mikhail Grigorenko and loses puck.
1:44 of 2nd period - Icing by Kurtis Gabriel.
1:45 of 2nd period - Michael Rasmussen wins face-off versus Josh Norris in Icehogs zone.
1:48 of 2nd period - Wrist shot by Mark McNeill.
1:48 of 2nd period - Shot Blocked by Duncan Siemens.
1:54 of 2nd period - Snap shot by Michael Rasmussen.
1:54 of 2nd period - Shot Blocked by Josh Norris.
1:56 of 2nd period - Slapshot by Duncan Siemens.
1:56 of 2nd period - Stopped by Felix Sanstrom with a rebound.
1:58 of 2nd period - Slapshot by Duncan Siemens.
1:58 of 2nd period - Shot Misses the Net.
2:10 of 2nd period - Duncan Siemens is hit by Mark McNeill and loses puck.
2:47 of 2nd period - Julius Honka is hit by Hunter Shinkaruk and loses puck.
3:06 of 2nd period - Snap shot by Mark McNeill.
3:06 of 2nd period - Stopped by Mackenzie Blackwood with a rebound.
3:12 of 2nd period - Wrist shot by Julius Honka.
3:12 of 2nd period - Deflect By Kurtis Gabriel.
3:12 of 2nd period - Stopped by Felix Sanstrom without a rebound.
3:13 of 2nd period - Dillon Dube wins face-off versus Anton Gustafsson in Admirals zone.
3:14 of 2nd period - Slapshot by Hudson Fasching.
3:14 of 2nd period - Shot Misses the Net.
3:40 of 2nd period - Calle Andersson is hit by T.J Brodie and loses puck.
4:15 of 2nd period - Snap shot by Gerald Mayhew.
4:15 of 2nd period - Stopped by Mackenzie Blackwood without a rebound.
4:16 of 2nd period - Anton Gustafsson wins face-off versus Maxim Letunov in Icehogs zone.
4:27 of 2nd period - Snap shot by Gerald Mayhew.
4:27 of 2nd period - Stopped by Mackenzie Blackwood with a rebound.
4:31 of 2nd period - Wrist shot by Anton Gustafsson.
4:31 of 2nd period - Shot Misses the Net.
4:41 of 2nd period - Adam Boqvist is hit by Barrett Hayton and loses puck.
5:06 of 2nd period - Wrist shot by Nick Paul.
5:06 of 2nd period - Stopped by Felix Sanstrom with a rebound.
5:08 of 2nd period - Slapshot by Jeremy Davies.
5:08 of 2nd period - Stopped by Felix Sanstrom without a rebound.
5:09 of 2nd period - Andrew Poturalski wins face-off versus Anton Gustafsson in Admirals zone.
5:55 of 2nd period - Snap shot by Drew O'Connor.
5:55 of 2nd period - Stopped by Mackenzie Blackwood with a rebound.
6:38 of 2nd period - Anton Gustafsson is hit by Mike Reilly and loses puck.
7:17 of 2nd period - Slapshot by J.T. Brown.
7:17 of 2nd period - Stopped by Felix Sanstrom with a rebound.
7:19 of 2nd period - Slapshot by Zach Whitecloud.
7:19 of 2nd period - Stopped by Felix Sanstrom without a rebound.
7:20 of 2nd period - Josh Norris wins face-off versus Mikhail Grigorenko in Admirals zone.
7:20 of 2nd period - Josh Norris is hit by Duncan Siemens.
8:00 of 2nd period - Snap shot by Mark McNeill.
8:00 of 2nd period - Shot Blocked by Mikhail Grigorenko.
8:29 of 2nd period - Minor Penalty to Duncan Siemens for Hooking.
8:30 of 2nd period - J.T. Brown wins face-off versus Anton Gustafsson in Icehogs zone.
8:30 of 2nd period - J.T. Brown is hit by Drew O'Connor.
8:47 of 2nd period - J.T. Brown is hit by Kasper Bjorkqvist and loses puck.
9:26 of 2nd period - Calle Andersson is hit by Olli Juolevi and loses puck.
9:31 of 2nd period - Slapshot by Riley Barber.
9:31 of 2nd period - Goal by Riley Barber - Icehogs : 2 - Admirals : 4.
9:32 of 2nd period - Anton Gustafsson wins face-off versus Andrew Poturalski in neutral zone.
9:37 of 2nd period - Slapshot by Pavol Regenda.
9:37 of 2nd period - Stopped by Mackenzie Blackwood with a rebound.
9:39 of 2nd period - Snap shot by Anton Gustafsson.
9:39 of 2nd period - Shot Misses the Net.
9:41 of 2nd period - Slapshot by Anton Gustafsson.
9:41 of 2nd period - Shot Misses the Net.
9:47 of 2nd period - Slapshot by Mike Reilly.
9:47 of 2nd period - Shot Misses the Net.
9:58 of 2nd period - Minor Penalty to Mikhail Grigorenko for Tripping.
9:59 of 2nd period - Clark Bishop wins face-off versus Josh Norris in Icehogs zone.
11:46 of 2nd period - Kasper Bjorkqvist is hit by Kristian Reichel.
11:58 of 2nd period - Penalty to Mikhail Grigorenko is over, Mikhail Grigorenko is back on ice.
12:10 of 2nd period - Nikita Scherbak is hit by Riley Barber and loses puck.
13:06 of 2nd period - Michael Rasmussen is hit by Pavol Regenda and loses puck.
13:27 of 2nd period - Wrist shot by J.T. Brown.
13:27 of 2nd period - Shot Misses the Net.
13:29 of 2nd period - Slapshot by Andrew Poturalski.
13:29 of 2nd period - Shot Blocked by Mark McNeill.
15:25 of 2nd period - Sean Durzi is hit by Andrew Poturalski.
15:35 of 2nd period - Slapshot by J.T. Brown.
15:35 of 2nd period - Shot Misses the Net.
15:45 of 2nd period - Pavol Regenda is hit by Nikita Scherbak and loses puck.
16:23 of 2nd period - Snap shot by Lucas Wallmark.
16:23 of 2nd period - Stopped by Mackenzie Blackwood without a rebound.
16:24 of 2nd period - Lucas Wallmark wins face-off versus Andrew Poturalski in Icehogs zone.
17:01 of 2nd period - Wrist shot by Mark McNeill.
17:01 of 2nd period - Stopped by Mackenzie Blackwood with a rebound.
17:21 of 2nd period - Backhand shot by Mike Reilly.
17:21 of 2nd period - Shot Blocked by Anton Gustafsson.
17:23 of 2nd period - Snap shot by Dillon Dube.
17:23 of 2nd period - Deflect By Mikhail Grigorenko.
17:23 of 2nd period - Stopped by Felix Sanstrom without a rebound.
17:24 of 2nd period - Andrew Poturalski wins face-off versus Josh Norris in Admirals zone.
17:25 of 2nd period - Wrist shot by J.T. Brown.
17:25 of 2nd period - Shot Misses the Net.
17:27 of 2nd period - Slapshot by Calle Andersson.
17:27 of 2nd period - Stopped by Felix Sanstrom with a rebound.
18:18 of 2nd period - Jeremy Davies is hit by Barrett Hayton and loses puck.
18:33 of 2nd period - Reilly Walsh is hit by Ross Johnston.
19:09 of 2nd period - Icing by T.J Brodie.
19:10 of 2nd period - Dillon Dube wins face-off versus Josh Norris in Admirals zone.
19:11 of 2nd period - Wrist shot by Hudson Fasching.
19:11 of 2nd period - Deflect By Mikhail Grigorenko.
19:11 of 2nd period - Shot Misses the Net.
19:11 of 2nd period - Puck is out of play.
19:12 of 2nd period - Josh Norris wins face-off versus Dillon Dube in Admirals zone.
19:44 of 2nd period - Snap shot by Kasper Bjorkqvist.
19:44 of 2nd period - Shot Misses the Net.
19:46 of 2nd period - Wrist shot by Barrett Hayton.
19:46 of 2nd period - Deflect By Kasper Bjorkqvist.
19:46 of 2nd period - Stopped by Mackenzie Blackwood with a rebound.
19:48 of 2nd period - Wrist shot by Barrett Hayton.
19:48 of 2nd period - Shot Misses the Net.
Goals for this period are 1 for Icehogs vs 1 for Admirals.
Shots for this period are 10 for Icehogs vs 11 for Admirals.
3rd period
0:01 of 3rd period - Dillon Dube wins face-off versus Mark McNeill in neutral zone.
1:13 of 3rd period - Wrist shot by Maxim Letunov.
1:13 of 3rd period - Shot Misses the Net.
1:15 of 3rd period - Backhand shot by Duncan Siemens.
1:15 of 3rd period - Deflect By Ross Johnston.
1:15 of 3rd period - Shot Misses the Net.
1:15 of 3rd period - Puck is out of play.
1:16 of 3rd period - Mark McNeill wins face-off versus Dillon Dube in Admirals zone.
1:46 of 3rd period - Snap shot by Olli Juolevi.
1:46 of 3rd period - Stopped by Mackenzie Blackwood with a rebound.
2:10 of 3rd period - Kurtis Gabriel is hit by Olli Juolevi and loses puck.
2:52 of 3rd period - Snap shot by Nikita Scherbak.
2:52 of 3rd period - Stopped by Felix Sanstrom without a rebound.
2:53 of 3rd period - Josh Norris wins face-off versus Hudson Fasching in Admirals zone.
2:53 of 3rd period - Josh Norris is hit by Hudson Fasching.
2:59 of 3rd period - Dillon Dube is hit by Josh Norris and loses puck.
3:18 of 3rd period - Nick Paul is hit by Gerald Mayhew and loses puck.
3:23 of 3rd period - Snap shot by Gerald Mayhew.
3:23 of 3rd period - Shot Misses the Net.
3:39 of 3rd period - Snap shot by Drew O'Connor.
3:39 of 3rd period - Stopped by Mackenzie Blackwood without a rebound.
3:40 of 3rd period - Barrett Hayton wins face-off versus Michael Rasmussen in Icehogs zone.
3:53 of 3rd period - Snap shot by Drew O'Connor.
3:53 of 3rd period - Shot Blocked by Calle Andersson.
3:55 of 3rd period - Slapshot by Ian Mitchell.
3:55 of 3rd period - Deflect By Kasper Bjorkqvist.
3:55 of 3rd period - Stopped by Mackenzie Blackwood without a rebound.
3:56 of 3rd period - Dillon Dube wins face-off versus Josh Norris in Icehogs zone.
4:03 of 3rd period - Slapshot by Mark McNeill.
4:03 of 3rd period - Stopped by Mackenzie Blackwood with a rebound.
4:05 of 3rd period - Wrist shot by Mark McNeill.
4:05 of 3rd period - Deflect By Hunter Shinkaruk.
4:05 of 3rd period - Shot Blocked by Mike Reilly.
4:05 of 3rd period - Puck is out of play.
4:06 of 3rd period - Mark McNeill wins face-off versus Dillon Dube in Icehogs zone.
4:14 of 3rd period - Minor Penalty to Mike Reilly for Hooking.
4:15 of 3rd period - Mikhail Grigorenko wins face-off versus Josh Norris in Icehogs zone.
5:14 of 3rd period - Calle Andersson is hit by Anton Gustafsson and loses puck.
5:25 of 3rd period - Christian Djoos is hit by Duncan Siemens and loses puck.
6:00 of 3rd period - Mark McNeill is hit by Duncan Siemens and loses puck.
6:07 of 3rd period - Hunter Shinkaruk is hit by Myles Bell and loses puck.
6:14 of 3rd period - Penalty to Mike Reilly is over, Mike Reilly is back on ice.
8:13 of 3rd period - Minor Penalty to Grant Hutton for Holding.
8:14 of 3rd period - Mikhail Grigorenko wins face-off versus Anton Gustafsson in Admirals zone.
8:15 of 3rd period - Wrist shot by Hudson Fasching.
8:15 of 3rd period - Shot Blocked by Mark McNeill.
8:17 of 3rd period - Snap shot by Mikhail Grigorenko.
8:17 of 3rd period - Stopped by Felix Sanstrom with a rebound.
8:19 of 3rd period - Snap shot by Mikhail Grigorenko.
8:19 of 3rd period - Stopped by Felix Sanstrom with a rebound.
9:37 of 3rd period - Andrew Poturalski is hit by Josh Norris and loses puck.
10:13 of 3rd period - Penalty to Grant Hutton is over, Grant Hutton is back on ice.
10:30 of 3rd period - Wrist shot by Riley Barber.
10:30 of 3rd period - Deflect By Lucas Wallmark.
10:30 of 3rd period - Stopped by Mackenzie Blackwood with a rebound.
11:02 of 3rd period - Slapshot by Calle Andersson.
11:02 of 3rd period - Stopped by Felix Sanstrom without a rebound.
11:03 of 3rd period - Nikita Scherbak wins face-off versus Barrett Hayton in Admirals zone.
11:13 of 3rd period - Snap shot by Maxim Letunov.
11:13 of 3rd period - Stopped by Felix Sanstrom with a rebound.
11:15 of 3rd period - Snap shot by Adam Boqvist.
11:15 of 3rd period - Stopped by Felix Sanstrom without a rebound.
11:16 of 3rd period - Dillon Dube wins face-off versus Josh Norris in Admirals zone.
11:21 of 3rd period - Wrist shot by Mikhail Grigorenko.
11:21 of 3rd period - Stopped by Felix Sanstrom without a rebound.
11:22 of 3rd period - Josh Norris wins face-off versus Dillon Dube in Admirals zone.
11:37 of 3rd period - Snap shot by Hunter Shinkaruk.
11:37 of 3rd period - Shot Misses the Net.
11:53 of 3rd period - Snap shot by Nick Paul.
11:53 of 3rd period - Shot Misses the Net.
11:55 of 3rd period - Wrist shot by Julius Honka.
11:55 of 3rd period - Stopped by Felix Sanstrom without a rebound.
11:56 of 3rd period - Josh Norris wins face-off versus Dillon Dube in Admirals zone.
12:03 of 3rd period - Wrist shot by Mark McNeill.
12:03 of 3rd period - Shot Misses the Net.
12:05 of 3rd period - Snap shot by Mark McNeill.
12:05 of 3rd period - Shot Misses the Net.
12:07 of 3rd period - Slapshot by T.J Brodie.
12:07 of 3rd period - Shot Misses the Net.
12:09 of 3rd period - Snap shot by Josh Norris.
12:09 of 3rd period - Shot Blocked by Dillon Dube.
12:21 of 3rd period - Nick Paul is hit by Anton Gustafsson and loses puck.
13:09 of 3rd period - Minor Penalty to Josh Norris for Interference.
13:10 of 3rd period - Dillon Dube wins face-off versus Anton Gustafsson in Admirals zone.
13:10 of 3rd period - Snap shot by Hudson Fasching.
13:10 of 3rd period - Stopped by Felix Sanstrom without a rebound.
13:11 of 3rd period - Dillon Dube wins face-off versus Anton Gustafsson in Admirals zone.
13:29 of 3rd period - Minor Penalty to Anton Gustafsson for Hooking.
13:30 of 3rd period - Barrett Hayton wins face-off versus Dillon Dube in Admirals zone.
13:30 of 3rd period - Barrett Hayton is hit by Mike Reilly.
13:41 of 3rd period - Snap shot by Mikhail Grigorenko.
13:41 of 3rd period - Shot Misses the Net.
13:43 of 3rd period - Wrist shot by Mike Reilly.
13:43 of 3rd period - Shot Blocked by Ian Mitchell.
13:45 of 3rd period - Slapshot by Dillon Dube.
13:45 of 3rd period - Shot Misses the Net.
15:09 of 3rd period - Penalty to Josh Norris is over, Josh Norris is back on ice.
15:29 of 3rd period - Penalty to Anton Gustafsson is over, Anton Gustafsson is back on ice.
15:42 of 3rd period - Slapshot by Anton Gustafsson.
15:42 of 3rd period - Stopped by Mackenzie Blackwood with a rebound.
15:44 of 3rd period - Backhand shot by Sean Durzi.
15:44 of 3rd period - Stopped by Mackenzie Blackwood without a rebound.
15:45 of 3rd period - Michael Rasmussen wins face-off versus Anton Gustafsson in Icehogs zone.
15:49 of 3rd period - Off-side.
15:50 of 3rd period - Michael Rasmussen wins face-off versus Anton Gustafsson in neutral zone.
16:01 of 3rd period - Slapshot by Adam Boqvist.
16:01 of 3rd period - Stopped by Felix Sanstrom without a rebound.
16:02 of 3rd period - Dillon Dube wins face-off versus Barrett Hayton in Admirals zone.
16:03 of 3rd period - Snap shot by Hudson Fasching.
16:03 of 3rd period - Shot Misses the Net.
16:09 of 3rd period - Snap shot by Kasper Bjorkqvist.
16:09 of 3rd period - Shot Misses the Net.
16:15 of 3rd period - Snap shot by Ian Mitchell.
16:15 of 3rd period - Shot Misses the Net.
16:17 of 3rd period - Snap shot by Barrett Hayton.
16:17 of 3rd period - Stopped by Mackenzie Blackwood with a rebound.
16:27 of 3rd period - Hunter Shinkaruk is hit by Myles Bell and loses puck.
16:53 of 3rd period - Wrist shot by J.T. Brown.
16:53 of 3rd period - Stopped by Felix Sanstrom without a rebound.
16:54 of 3rd period - Dillon Dube wins face-off versus Barrett Hayton in Admirals zone.
17:05 of 3rd period - Slapshot by Mikhail Grigorenko.
17:05 of 3rd period - Shot Blocked by Olli Juolevi.
17:24 of 3rd period - Snap shot by Hunter Shinkaruk.
17:24 of 3rd period - Shot Misses the Net.
17:36 of 3rd period - Minor Penalty to Michael Rasmussen for Interference.
17:37 of 3rd period - Mikhail Grigorenko wins face-off versus Josh Norris in Icehogs zone.
19:17 of 3rd period - Reilly Walsh is hit by Mike Reilly.
19:31 of 3rd period - Hunter Shinkaruk is hit by Myles Bell and loses puck.
19:36 of 3rd period - Penalty to Michael Rasmussen is over, Michael Rasmussen is back on ice.
19:42 of 3rd period - Calle Andersson is hit by Kasper Bjorkqvist and loses puck.
Goals for this period are 0 for Icehogs vs 0 for Admirals.
Shots for this period are 11 for Icehogs vs 8 for Admirals.